AoeStats
← blizzopop

Nomad

510362575Analyzed
2v2 RM · 1d ago on Sep 30, 2026· 65m 37s· 4 players
Game mode
Random Map
Map size
176×176
Population
200
Speed
Normal
Resources
Standard
Victory
Conquest
Starting age
Dark Age
Ending age
Imperial Age
RankedLock teamsTeams togetherTeam positionsShared explorationLock speedFull tech treeHidden civsTurbo modeCheats
Victory
Defeat
🇩🇪 Burgundians · Germany
1231
+11
🇺🇸 Byzantines · United States
1131
+14
🇫🇷 Koreans · France
1149
-14
🇫🇷 Italians · France
1055
-11
Matzenudler
4:51 Loom
10:26 Double-Bit Axe
13:27 Feudal Age
15:07 Gold Mining
15:59 Bow Saw
18:26 Castle Age
16:35 Horse Collar
18:54 Scale Barding Armor
19:28 Wheelbarrow
19:46 Heavy Plow
22:29 Hand Cart
21:59 Town Watch
24:07 Fervor
25:53 Sanctity
26:41 Redemption
30:50 Imperial Age
30:39 Masonry
30:50 Ballistics
31:15 Fletching
32:15 Block Printing
34:42 Chain Barding Armor
34:32 Forging
35:02 Elite Coustillier
41:00 Plate Barding Armor
42:36 Bodkin Arrow
47:07 Bracer
50:08 Iron Casting
52:15 Blast Furnace
51:39 Conscription
56:36 Hoardings
65:48 Two-Man Saw
65:38 Gold Shaft Mining
64:53 Stone Mining
blizzopop
11:36 Loom
14:36 Feudal Age
21:01 Castle Age
20:32 Loom
22:12 Double-Bit Axe
26:39 Elite Skirmisher
44:35 Fletching
46:34 Padded Archer Armor
48:26 Bodkin Arrow
49:19 Leather Archer Armor
51:29 Pikeman
53:00 Squires
53:07 Scale Mail Armor
52:57 Horse Collar
53:09 Stone Mining
58:53 Wheelbarrow
63:38 Imperial Age
61:50 Forging
61:53 Bow Saw
61:44 Heavy Plow
61:35 Gold Mining
62:42 Chain Mail Armor
63:12 Gold Shaft Mining
63:14 Thumb Ring
64:15 Iron Casting
64:27 Bracer
64:10 Halberdier
65:28 Ring Archer Armor
65:48 Hand Cart
66:34 Two-Man Saw
66:05 Crop Rotation
66:10 Stone Shaft Mining
66:07 Plate Mail Armor
66:01 Conscription
KissMyAxe
9:53 Loom
12:07 Feudal Age
17:58 Castle Age
22:53 Fletching
25:33 Fishing Lines
26:11 Double-Bit Axe
28:06 Bodkin Arrow
29:23 Wheelbarrow
30:56 Padded Archer Armor
42:43 Gold Mining
44:26 Horse Collar
44:12 Crossbowman
46:56 Leather Archer Armor
47:13 Thumb Ring
48:51 Bloodlines
49:40 Scale Barding Armor
53:24 Imperial Age
55:48 Imperial Age
53:36 Hand Cart
55:37 Husbandry
laurent.ginat
3:06 Loom
11:43 Feudal Age
19:34 Castle Age
19:31 Double-Bit Axe
20:10 Forging
20:01 Scale Mail Armor
20:05 Fishing Lines
21:51 Squires
21:36 Arson
23:17 Chain Mail Armor
31:12 Iron Casting
30:41 Gillnets
39:59 Imperial Age
41:13 Plate Mail Armor
40:10 Capped Ram
41:00 Elite Fire Lancer
41:26 Arson
47:04 Conscription
48:58 Scale Barding Armor
49:30 Cavalier
50:10 Husbandry
52:31 Chain Barding Armor
52:02 Fletching
54:57 Light Cavalry
58:18 Pikeman
64:14 Conscription
63:56 Eupseong
64:55 Bodkin Arrow
66:44 Chemistry
Connection lost

Rejoining the realm…

Still unreachable

The connection could not be restored.

Session expired

The server has moved on; the page needs a fresh start.